 Dungeon Crawl Stone Soup version 0.29-a0-284-gf9362112df (webtiles) character file.

Game seed: 4121152636581361426

27958 spaghetti the Warrior (level 13, -10/165 HPs)
             Began as an Ogre Berserker on Mar 20, 2022.
             Was a Believer of Trog.
             Killed from afar by an oklob plant (17 damage)
             ... with a splash of acid
             ... on level 2 of the Lair of Beasts.
             The game lasted 00:32:10 (23799 turns).

spaghetti the Warrior (Ogre Berserker)             Turns: 23799, Time: 00:32:10

Health: -10/165    AC:  4    Str: 24    XL:     13   Next: 35%
Magic:  13/13      EV: 21    Int:  8    God:    Trog [**....]
Gold:   950        SH:  0    Dex: 24    Spells: 12/12 levels left

rFire   + . .      SeeInvis .   K - +5 long sword of Osaetz {vorpal, *Noise Fly rF+ rN+ Dex+6, long}
rCold   . . .      Faith    .   (no shield)
rNeg    + . .      Spirit   .   p - +1 steam dragon scales
rPois   .          Reflect  .   (helmet restricted)
rElec   .          Harm     .   j - +0 cloak
rCorr   .          Rampage  .   (gloves unavailable)
Will    ++++.                   (boots unavailable)
Stlth   ++........              (no amulet)
HPRegen 1.37/turn               w - +6 ring of dexterity
MPRegen 0.13/turn               (no ring)

@: strong-willed, corroded, on berserk cooldown, flying, regenerating, slowed,
very slow
A: large, unfitting armour, tough skin 1, talons 1, strong-willed 1
a: Renounce Religion, Berserk, Trog's Hand


You were on level 2 of the Lair of Beasts.
You worshipped Trog.
Trog was pleased with you.
You visited 2 branches of the dungeon, and saw 16 of its levels.

You collected 950 gold pieces.


Innate Abilities, Weirdness & Mutations

You are too large for most types of armour.
You have tough skin. (AC +1)
You have sharp toenails.
You are strong-willed. (Will+)


   Skills:
 + Level 19.9 Fighting
 - Level 5.0 Throwing
 + Level 14.2 Dodging
 - Level 2.6 Unarmed Combat


You had 12 spell levels left.
You didn't know any spells.
Your spell library contained the following spells:

 Spells                   Type           Power      Damage    Failure   Level
 Blink                    Tloc           0%         N/A       54%         2
 Corpse Rot               Necr/Air       0%         N/A       54%         2
 Ensorcelled Hibernation  Hex/Ice        0%         N/A       54%         2
 Poisonous Vapours        Pois/Air       0%         N/A       54%         2
 Ignite Poison            Fire/Tmut/Pois 0%         N/A       78%         3
 Mephitic Cloud           Conj/Pois/Air  0%         N/A       78%         3
 Ozocubu's Armour         Ice            0%         N/A       78%         3
 Spider Form              Tmut/Pois      0%         N/A       78%         3
 Anguish                  Hex/Necr       0%         N/A       99%         4
 Animate Dead             Necr           0%         N/A       99%         4
 Fireball                 Conj/Fire      0%         3d3       100%        5
 Freezing Cloud           Conj/Ice/Air   0%         6-21      100%        5
 Iskenderun's Battlesphe  Conj           0%         2d6       100%        5
 Manifold Assault         Tloc           0%         N/A       100%        5
 Metabolic Englaciation   Hex/Ice        0%         N/A       100%        5
 Conjure Ball Lightning   Conj/Air       0%         3x3d6     100%        6
 Simulacrum               Ice/Necr       0%         N/A       100%        6
 Haunt                    Necr/Summ      0%         N/A       100%        7
 Orb of Destruction       Conj           0%         9d5       100%        7
 Storm Form               Tmut/Air       0%         N/A       100%        7
 Infestation              Necr           0%         N/A       100%        8

Inventory:

Hand Weapons
 c - a +1 short sword of venom {short}
   (You took it off a kobold on level 1 of the Dungeon)
 l - a +1 dagger of freezing {short}
   (You took it off an orc wizard on level 7 of the Dungeon)
 z - a +2 rapier of electrocution {short}
   (You took it off a wight on level 10 of the Dungeon)
 B - a +4 scimitar of flaming {long}
   (You took it off Erica on level 11 of the Dungeon)
 G - a +0 giant spiked club of freezing {mace}
   (You took it off an ogre on level 7 of the Dungeon)
 K - the +5 long sword of Osaetz (weapon) {vorpal, *Noise Fly rF+ rN+ Dex+6, long}
   (You found it on level 10 of the Dungeon)

   It inflicts extra damage upon your enemies.
   Dex:       It affects your dexterity (+6).
   rF:        It protects you from fire.
   rN:        It protects you from negative energy.
   Fly:       It grants you flight.
   *Noise:    It may make noises in combat.
Missiles
 h - 405 stones {throwing}
 i - 69 poisoned darts {throwing}
 o - 10 large rocks {=fthrowing}
 r - 8 javelins (quivered) {throwing}
 H - 2 boomerangs {throwing}
Armour
 j - a +0 cloak (worn)
   (You found it on level 2 of the Dungeon)
 k - the +1 hat of the Tanner {Harm rPois Int+7}
   (You found it on level 1 of the Lair of Beasts)

   Int:       It affects your intelligence (+7).
   rPois:     It protects you from poison.
   Harm:      It increases damage dealt and taken.
 p - +1 steam dragon scales (worn)
   (You found it on level 3 of the Dungeon)
 I - a +2 robe of the Archmagi
   (You took it off Erica on level 11 of the Dungeon)
Jewellery
 a - a ring of protection from cold
   (You took it off an orc wizard on level 7 of the Dungeon)
 e - a ring of ice
   (You found it on level 1 of the Dungeon)
 s - an amulet of the acrobat
   (You found it on level 13 of the Dungeon)
 t - a ring of positive energy
   (You found it on level 10 of the Dungeon)
 u - a ring of resist corrosion
   (You found it on level 4 of the Dungeon)
 w - a +6 ring of dexterity (left hand)
   (You found it on level 4 of the Dungeon)
 J - a ring of fire
   (You found it on level 11 of the Dungeon)
Wands
 x - a wand of charming (19)
   (You found it on level 6 of the Dungeon)
 y - a wand of mindburst (13)
   (You took it off a kobold on level 6 of the Dungeon)
 C - a wand of digging (6)
   (You took it off Joseph on level 7 of the Dungeon)
 E - a wand of polymorph (9)
   (You found it on level 12 of the Dungeon)
 F - a wand of iceblast (19)
   (You found it on level 7 of the Dungeon)
 L - a wand of flame (5)
   (You found it on level 12 of the Dungeon)
Scrolls
 b - 8 scrolls of teleportation {@r4}
 g - 4 scrolls of magic mapping {!r}
 n - a scroll of torment {!r}
 D - a scroll of vulnerability {!r!r}
 N - a scroll of enchant weapon
 P - a scroll of enchant armour
 S - 2 scrolls of identify {@r1}
Potions
 d - 4 potions of lignification {!q}
 f - 3 potions of curing {@q1}
 q - 4 potions of degeneration {!q@e2}
 M - 3 potions of berserk rage {!q}
 Q - a potion of attraction {!q}
 R - 2 potions of might
Miscellaneous
 v - a box of beasts
   (You found it on level 10 of the Dungeon)
 A - a piece from Xom's chessboard (15/15)
   (You found it on level 10 of the Dungeon)

Dungeon Overview and Level Annotations

Branches:
Dungeon (14/15)            Temple (0/1) D:5            Lair (2/6) D:10
    Orc (0/2) D:12         Vaults (0/5) D:14
  Swamp: Lair:2-4    Shoals: Lair:2-4     Snake: Lair:2-4    Spider: Lair:2-4

Altars:
Fedhas
Hepliaklqana
Nemelex Xobeh
Okawaru
Sif Muna
Vehumet

Annotations:
Lair:2 exclusion: 2 oklob plants

#......S.....###......#
#..........#<#.........
.........S.............
.....................#
...P.P....[S........##
.............S.....#.#
...............D....#.#.
...........P...ยง........
.........PP....@.......
....[.P......###.
......P......#
..P$$.........#
.PP..>..........
...P..P.......P..
...P.P...........
............#..


You could see an eight-headed hydra, an oklob plant, a black mamba and 2 water
moccasins.


Message History

The 11-headed hydra completely misses you.
The 11-headed hydra closely misses you. The 11-headed hydra bites you!
* * * LOW HITPOINT WARNING * * *
The 11-headed hydra closely misses you. x2; The 11-headed hydra bites you!
* * * LOW HITPOINT WARNING * * *
The 11-headed hydra misses you. The 11-headed hydra barely misses you.
The wolf completely misses you.
The wolf bites the plant! ๐Ÿ˜ฑ HP[-34]
You take 34 damage, and now have 18/247 hp.
Unknown command.
You lop one of the 11-headed hydra's heads off!
The ten-headed hydra grows two more!
You slash the 12-headed hydra!
You kill the 12-headed hydra!
Trog accepts your kill.
You feel sick.
The wolf bites the plant.
The black mamba closely misses you.
The bullfrog hits you but does no damage.
The wolf bites you!
* * * LOW HITPOINT WARNING * * *
The wolf bites the plant!
The wolf misses you.
The wolf bites the plant.
The black mamba barely misses you. ๐Ÿ˜ฑ HP[-9]
You take 9 damage, and now have 9/247 hp.
The wolf attacks as you move away! The wolf completely misses you.
You are no longer berserk.
You are exhausted.
You feel yourself slow down.
You feel sick.
The wolf bites the plant.
The bullfrog hits you but does no damage. ๐Ÿ˜ฑ HP[-4]
You now have 165 max hp (-82).
As you read the scroll of fear, it crumbles to dust.
You assume a fearsome visage.
The bullfrog looks frightened!
The wolf looks frightened! x4; The black mamba looks frightened!
You feel sick.
The wolf bites the fungus!
The fungus begins to die.
The wolf bites the fungus.
Cornered, the wolf turns to fight! ๐Ÿ˜ฑ HP[-1]
You take 1 damage, and now have 4/165 hp.
You feel better.
A nearby plant withers and dies.
The wolf bites the plant.
The plant begins to die.
The wolf bites the plant.
Cornered, the wolf turns to fight!
The wolf completely misses you. ๐Ÿ˜ฑ HP[+10]
You regained 10 hp, and now have 14/165 hp.
Okay, then.
Your skin crawls.
You feel strong-willed.
The wolf closely misses you. ๐Ÿ˜ฑ HP[+2]
You regained 2 hp, and now have 16/165 hp.
As you read the scroll of teleportation {@r4}, it crumbles to dust.
You feel strangely unstable.
A nearby fungus withers and dies.
The wolf barely misses you.
The wolf misses you. x3; The wolf closely misses you. ๐Ÿ˜ฑ HP[+2]
You regained 2 hp, and now have 18/165 hp.
The wolf attacks as you move away!
The wolf bites you but does no damage. ๐Ÿ˜ฑ HP[+2]
You regained 2 hp, and now have 20/165 hp.
You feel better.
Your surroundings suddenly seem different.
A water moccasin comes into view. x2; An eight-headed hydra comes into view. ๐Ÿ˜ฑ HP[+13]
You regained 13 hp, and now have 33/165 hp.
Okay, then.
As you read the scroll of teleportation {@r4}, it crumbles to dust.
You feel strangely unstable.
The eight-headed hydra roars! ๐Ÿ˜ฑ HP[+2]
You regained 2 hp, and now have 35/165 hp.
Found an escape hatch in the ceiling.
The water moccasin hisses angrily.
The black mamba seems to regain its courage.
The water moccasin closely misses you. ๐Ÿ˜ฑ HP[+2]
You regained 2 hp, and now have 37/165 hp.
The water moccasin attacks as you move away!
The water moccasin bites you.
* * * LOW HITPOINT WARNING * * *
Your surroundings suddenly seem different. 2 oklob plants come into view.
Found a plate armour and 47 gold pieces.
Found an escape hatch in the floor.
Marking area around 2 oklob plants as unsafe for travelling. ๐Ÿ˜ฑ HP[-3]
You take 3 damage, and now have 34/165 hp.
Okay, then.
As you read the scroll of teleportation {@r4}, it crumbles to dust.
You feel strangely unstable. The oklob plant spits acid at you.
The splash of acid hits you!!
* * * LOW HITPOINT WARNING * * *
The acid corrodes you! ๐Ÿ˜ฑ HP[-29]
You take 29 damage, and now have 5/165 hp.
Okay, then.
Okay, then.
Okay, then.
Your surroundings seem slightly different.
The oklob plant spits acid at you. The splash of acid hits you!
You die...

Skill      XL: |  1  2  3  4  5  6  7  8  9 10 11 12 13 |
---------------+----------------------------------------+-----
Fighting       | 5 6 7 8 10 12 14 17 19 | 19.9
Dodging        | 3 4 5 6 8 10 12 13 14 | 14.2
Throwing       | 2 3 5 |  5.0
Unarmed Combat | |  2.6

Action                   |  1- 3 |  4- 6 |  7- 9 | 10-12 | 13-15 || total
-------------------------+-------+-------+-------+-------+-------++-------
Melee: Short sword       |    52 |   192 |   334 |   276 |       ||   854
       Unarmed           |    15 |       |       |       |       ||    15
       Punch             |     1 |     4 |    13 |    23 |     2 ||    43
       Rapier            |       |       |       |   106 |       ||   106
       Long sword        |       |       |       |   253 |    94 ||   347
       Kick              |       |       |       |    18 |    39 ||    57
Throw: Stone             |       |    11 |    28 |    21 |       ||    60
       Large rock        |       |       |       |    13 |     1 ||    14
       Boomerang         |       |       |       |     9 |       ||     9
       Javelin           |       |       |       |       |    13 ||    13
Invok: Berserk           |     2 |     2 |    13 |    40 |     5 ||    62
       Trog's Hand       |       |       |     2 |     6 |     1 ||     9
Evoke: Wand              |       |       |     2 |       |       ||     2
       Box of beasts     |       |       |       |     1 |       ||     1
  Use: Scroll            |       |     8 |     7 |    13 |     4 ||    32
       Potion            |       |       |     8 |     9 |     2 ||    19
 Stab: Sleeping          |       |     2 |     1 |     7 |       ||    10
       Distracted        |       |       |       |     2 |       ||     2
Armor: Animal skin       |    17 |    38 |       |       |       ||    55
       Steam dragon scal |       |    29 |    93 |   183 |    26 ||   331
       Swamp dragon scal |       |       |       |     5 |       ||     5
       Skin              |       |       |       |     2 |       ||     2
Dodge: Dodged            |    46 |    98 |   240 |   632 |   194 ||  1210

Levels and vault maps discovered:
D:1:      onia_arrival_mini_spirals, layout_basic, serial_curves,
          eino_curves_02, eino_curves_04, amcnicky_mini_rare_corridor_liquid,
          hangedman_decor_growths, minmay_misc_feat_four_crosses
D:2:      layout_rooms
D:3:      layout_loops_cross, mainiacjoe_overflow_six_doors_small,
          chequers_garden
D:4:      layout_loops_ring, mainiacjoe_overflow_24_doors,
          nicolae_overflow_hidden_temple, uniq_natasha
D:5:      layout_loops_cross, temple_hall
D:6:      layout_loops_cross, minmay_misc_feat_nine_boxes
D:7:      layout_basic, lightli_corner_chamber, uniq_joseph
D:8:      layout_basic, fedhas_altar_decomposition, serial_bayou,
          serial_bayou_shore_b, serial_bayou_pond_d, serial_bayou_lagoon_b,
          serial_bayou_pond_d, serial_bayou_pond_b, serial_bayou_pond_c
D:9:      layout_roguey, minmay_gold_behind_fungi, kennysheep_nub
D:10:     layout_roguey, okawaru_gym_becter, general_overflow_altar,
          david_lair_generic, enter_bailey_2, grunt_ministairs_14,
          serial_bayou_lagoon_a, uniq_urug
D:11:     layout_basic, uniq_erica
D:12:     layout_loops_ring, david_orc_1_choice, serial_co_window_serial,
          co_window_paths_b, co_window_paths_b, co_window_paths_b,
          co_window_paths_a, co_window_paths_b, co_window_corner_b,
          co_window_corner_cb, co_window_paths_c, co_window_4corner_a,
          co_window_sun, glass_columns_a, glass_columns_b
D:13:     layout_grid_maze
D:14:     layout_stronghold, skrybe_vaults_entry_preservation,
          amcnicky_mini_pool_small, gauntlet_entry_generic, serial_glass,
          glass_columns_b, glass_columns_c
Lair:1:   layout_regular_city
Lair:2:   layout_regular_city, gammafunk_ghost_split, disabler_island

Notes
Turn   | Place    | Note
-------+----------+-------------------------------------------
     0 | D:1      | spaghetti the Ogre Berserker began the quest for the Orb.
     0 | D:1      | Reached XP level 1. HP: 24/24 MP: 1/1
     0 | D:1      | magus.rc [v1.9.6]
   879 | D:2      | Reached XP level 2. HP: 33/33 MP: 2/2
   898 | D:2      | Reached skill level 5 in Fighting
   907 | D:2      | Reached XP level 3. HP: 32/42 MP: 3/3
  1000 | D:2      | Reached skill level 3 in Dodging
  1003 | D:2      | Reached skill level 6 in Fighting
  1003 | D:2      | Reached XP level 4. HP: 22/52 MP: 4/4
  1933 | D:3      | Found a hazy altar of Hepliaklqana.
  1946 | D:3      | Reached ** piety under Trog
  1949 | D:3      | You pick up a book of Death {forbidden} and begin
                  | reading...
  1949 | D:3      | You add the spells Animate Dead, Haunt and Infestation to
                  | your library.
  2309 | D:3      | Reached XP level 5. HP: 61/61 MP: 5/5
  2349 | D:3      | Noticed a steam dragon
  2357 | D:3      | HP: 22/91 [steam dragon (3)]
  2361 | D:3      | Killed a steam dragon
  2362 | D:3      | Reached skill level 7 in Fighting
  2362 | D:3      | Reached skill level 4 in Dodging
  2362 | D:3      | Reached XP level 6. HP: 15/71 MP: 6/6
  3064 | D:4      | You pick up a book of Dreams {forbidden} and begin
                  | reading...
  3064 | D:4      | You add the spells Ensorcelled Hibernation, Spider Form and
                  | Anguish to your library.
  3300 | D:4      | Noticed Natasha
  3313 | D:4      | Killed Natasha
  3417 | D:4      | Reached skill level 1 in Throwing
  3790 | D:4      | Found a sparkling altar of Nemelex Xobeh.
  3932 | D:4      | Noticed Natasha
  3939 | D:4      | Killed Natasha
  4082 | D:4      | Found a shimmering blue altar of Sif Muna.
  4129 | D:5      | Entered Level 5 of the Dungeon
  4227 | D:5      | Noticed a black bear
  4239 | D:5      | Killed a black bear
  4240 | D:5      | Reached skill level 8 in Fighting
  4240 | D:5      | Reached skill level 2 in Throwing
  4240 | D:5      | Reached XP level 7. HP: 62/80 MP: 7/7
  4529 | D:5      | Reached skill level 5 in Dodging
  5106 | D:5      | Reached skill level 3 in Throwing
  5120 | D:5      | Reached XP level 8. HP: 31/85 MP: 8/8
  5361 | D:5      | Reached skill level 9 in Fighting
  5453 | D:5      | Found a staircase to the Ecumenical Temple.
  5556 | D:6      | Reached skill level 4 in Throwing
  5688 | D:6      | Got the Tome of Necromancy {forbidden}
  5917 | D:6      | You pick up a book of Winter {forbidden} and begin
                  | reading...
  5917 | D:6      | You add the spells Ozocubu's Armour and Metabolic
                  | Englaciation to your library.
  6128 | D:6      | Reached skill level 6 in Dodging
  6549 | D:7      | Noticed Joseph
  6561 | D:7      | Killed Joseph
  6562 | D:7      | Reached skill level 10 in Fighting
  6562 | D:7      | Reached skill level 5 in Throwing
  6562 | D:7      | Reached XP level 9. HP: 91/102 MP: 9/9
  6567 | D:7      | Reached *** piety under Trog
  6884 | D:7      | Reached skill level 7 in Dodging
  7049 | D:7      | Reached skill level 11 in Fighting
  7173 | D:7      | You pick up a book of Vapours {forbidden} and begin
                  | reading...
  7173 | D:7      | You add the spells Poisonous Vapours and Corpse Rot to your
                  | library.
  7246 | D:7      | Noticed a manticore
  7541 | D:7      | Noticed a hornet
  7549 | D:7      | Killed a hornet
  8020 | D:8      | Reached skill level 12 in Fighting
  8031 | D:8      | Reached skill level 8 in Dodging
  8244 | D:8      | You pick up a book of the Spheres {forbidden} and begin
                  | reading...
  8244 | D:8      | You add the spells Iskenderun's Battlesphere, Fireball,
                  | Conjure Ball Lightning and Orb of Destruction to your
                  | library.
  8418 | D:8      | Found a blossoming altar of Fedhas.
  8747 | D:8      | Gained mutation: You are weak. (Str -2) [potion of
                  | mutation]
  8747 | D:8      | Gained mutation: You have a pair of small horns on your
                  | head. [potion of mutation]
  8748 | D:8      | Lost mutation: You are weak. (Str -2) [potion of mutation]
  8748 | D:8      | Lost mutation: You have a pair of small horns on your head.
                  | [potion of mutation]
  8748 | D:8      | Gained mutation: Your skin changes colour to match your
                  | surroundings (Stealth+). [potion of mutation]
  8748 | D:8      | Gained mutation: Your body sometimes deteriorates upon
                  | taking damage. [potion of mutation]
  9002 | D:8      | Reached XP level 10. HP: 87/113 MP: 10/10
  9551 | D:7      | Reached skill level 13 in Fighting
 10467 | D:8      | Reached skill level 9 in Dodging
 11426 | D:9      | Noticed a two-headed ogre
 11438 | D:9      | HP: 30/162 [two-headed ogre/+0 giant spiked club (17)]
 11439 | D:9      | Killed a two-headed ogre
 11440 | D:9      | Reached skill level 14 in Fighting
 12165 | D:9      | Reached skill level 10 in Dodging
 12605 | D:10     | Entered Level 10 of the Dungeon
 12617 | D:10     | You add the spells Ignite Poison, Mephitic Cloud and
                  | Freezing Cloud to your library.
 12645 | D:10     | Noticed Urug
 12662 | D:10     | HP: 31/184 [Urug/+2 battleaxe of flaming (22)]
 12664 | D:10     | HP: 11/184 [Urug/+2 battleaxe of flaming (20)]
 12668 | D:10     | Killed Urug
 12669 | D:10     | Reached XP level 11. HP: 9/131 MP: 11/11
 13094 | D:10     | Reached skill level 15 in Fighting
 13267 | D:10     | Found a staircase to the Lair.
 13603 | D:10     | You add the spells Blink, Manifold Assault and Storm Form
                  | to your library.
 13848 | D:10     | Found a radiant altar of Vehumet.
 14214 | D:10     | Reached skill level 11 in Dodging
 14348 | D:10     | Found an iron altar of Okawaru.
 14815 | D:10     | Identified the +5 long sword of Osaetz {vorpal, *Noise Fly
                  | rF+ rN+ Dex+6}
 15144 | D:11     | Noticed a two-headed ogre
 15150 | D:11     | Killed a two-headed ogre
 15151 | D:11     | Reached skill level 16 in Fighting
 15348 | D:11     | Noticed a two-headed ogre
 15354 | D:11     | Killed a two-headed ogre
 15370 | D:11     | Identified a +2 robe of the Archmagi
 15370 | D:11     | Noticed Erica
 15397 | D:11     | HP: 49/204 [something (3)]
 15402 | D:11     | HP: 24/136 [poisoned by Erica (bolt of poison)]
 15407 | D:11     | Killed Erica
 15407 | D:11     | HP: 34/136 [poisoned by Erica (bolt of poison)]
 15840 | D:11     | Noticed a two-headed ogre
 15849 | D:11     | Killed a two-headed ogre
 16136 | D:11     | Noticed a white ugly thing
 16149 | D:11     | Killed a white ugly thing
 16502 | D:12     | Noticed a centaur warrior
 16503 | D:12     | Noticed a boulder beetle
 16513 | D:12     | Killed a centaur warrior
 16514 | D:12     | Reached skill level 17 in Fighting
 16514 | D:12     | Reached skill level 12 in Dodging
 16514 | D:12     | Reached XP level 12. HP: 123/148 MP: 12/12
 16536 | D:12     | HP: 25/148 [gargoyle/stone arrow (20)]
 16556 | D:11     | HP: 47/222 [boulder beetle (14)]
 16560 | D:11     | HP: 19/222 [boulder beetle (19)]
 16565 | D:11     | Killed a boulder beetle
 17149 | D:12     | Found a staircase to the Orcish Mines.
 17857 | D:12     | Noticed an eight-headed hydra
 17863 | D:12     | Killed a 12-headed hydra
 19268 | D:13     | Reached skill level 18 in Fighting
 20212 | D:13     | Reached skill level 13 in Dodging
 20218 | D:13     | Lost mutation: Your skin changes colour to match your
                  | surroundings (Stealth+). [potion of mutation]
 20218 | D:13     | Lost mutation: Your body sometimes deteriorates upon taking
                  | damage. [potion of mutation]
 20218 | D:13     | Gained mutation: You are strong-willed. (Will+) [potion of
                  | mutation]
 20218 | D:13     | Gained mutation: You have sharp toenails. [potion of
                  | mutation]
 20234 | D:13     | HP: 9/152 [very large slime creature (51)]
 20252 | D:13     | HP: 34/228 [slime creature (11)]
 21041 | D:14     | Noticed a tengu warrior
 21056 | D:14     | HP: 46/228 [tengu warrior/+0 war axe (18)]
 21057 | D:14     | Killed a tengu warrior
 21435 | D:14     | Noticed a centaur warrior
 21441 | D:14     | Killed a centaur warrior
 21520 | D:14     | Noticed a two-headed ogre
 21537 | D:14     | HP: 53/229 [harpy (shapeshifter) (8)]
 21539 | D:14     | HP: 24/229 [harpy (shapeshifter) (6)]
 21541 | D:14     | HP: 9/229 [harpy (shapeshifter) (4)]
 21544 | D:14     | HP: 4/153 [poisoned by a black mamba]
 21550 | D:14     | Reached skill level 19 in Fighting
 21914 | D:14     | Noticed an ironbound preserver
 21915 | D:14     | Found a gate to the Vaults.
 21940 | D:14     | Killed an ironbound preserver
 21941 | D:14     | Reached XP level 13. HP: 162/162 MP: 13/13
 22071 | Lair:1   | Entered Level 1 of the Lair of Beasts
 22419 | Lair:1   | Identified the +1 hat of the Tanner {Harm rPois Int+7}
 23074 | Lair:2   | Reached skill level 14 in Dodging
 23785 | Lair:2   | HP: 60/247 [ten-headed hydra (11)]
 23786 | Lair:2   | HP: 25/247 [11-headed hydra (9)]
 23787 | Lair:2   | HP: 9/247 [wolf (9)]
 23789 | Lair:2   | HP: 4/165 [poisoned by a black mamba]
 23797 | Lair:2   | HP: 32/165 [water moccasin (5)]
 23798 | Lair:2   | HP: 5/165 [oklob plant/splash of acid (31)]
 23799 | Lair:2   | Killed from afar by an oklob plant

Vanquished Creatures
  An ironbound preserver (D:14)
  3 hydras
  A boulder beetle (D:11)
  Erica (D:11)
  2 centaur warriors
  4 two-headed ogres
  A tengu warrior (D:14)
  Urug (D:10)
  A deep elf pyromancer (D:13)
  2 cyclopes (D:13)
  A manticore (D:14)
  An elephant (D:10)
  2 ugly things
  Joseph (D:7)
  3 cane toads
  2 gargoyles (D:12)
  A tengu conjurer (D:13)
  5 komodo dragons
  A polar bear (Lair:1)
  2 hornets
  7 slime creatures
  A shadow (D:11)
  3 wraiths
  3 basilisks
  14 yaks
  2 vampire mosquitoes (D:11)
  3 steam dragons
  2 acid dragons
  2 wargs (D:12)
  5 water moccasins
  8 orc warriors
  A black bear (D:5)
  2 ice beasts
  An ogre (D:7)
  11 wolves
  12 centaurs
  5 kobold brigands
  5 bullfrogs
  6 necrophages
  19 wights
  A scorpion (D:5)
  9 killer bees
  3 electric eels (D:8)
  4 hounds
  2 jellies (D:5)
  3 orc priests
  5 iguanas
  Natasha (twice) (D:4)
  6 orc wizards
  A howler monkey zombie (D:8)
  4 gnolls (D:2)
  8 adders
  An ufetubus (D:5)
  4 worms
  4 dart slugs
  29 orcs
  7 endoplasms
  A giant cockroach (D:2)
  9 goblins
  4 hobgoblins
  4 quokkas
  4 ball pythons
  4 bats
  4 frilled lizards
  26 kobolds
  7 rats
304 creatures vanquished.

Vanquished Creatures (collateral kills)
  3 slime creatures (D:14)
  A basilisk (shapeshifter) (D:14)
  2 wights (D:5)
6 creatures vanquished.

Vanquished Creatures (others)
  A wight (D:8)
  A white imp (D:7)
  An orc (D:8)
  A bush (D:8)
  27 fungi
  103 plants
  3 toadstools (D:9)
137 creatures vanquished.

Grand Total: 447 creatures vanquished

Table legend:
 A = Non-vault XP
 B = Vault XP
 C = Vault XP percentage of total XP
 D = Non-vault monster count
 E = Vault monster count
 F = Vault count percentage of total count
                 A         B        C        D         E       F
            +---------+---------+-------+---------+---------+-------
      Total |   33896 |    6044 |  15.1 |     282 |      30 |   9.6
            +---------+---------+-------+---------+---------+-------
        D:1 |       9 |       0 |   0.0 |       9 |       0 |   0.0
        D:2 |     143 |       0 |   0.0 |      27 |       0 |   0.0
        D:3 |     217 |       0 |   0.0 |      14 |       0 |   0.0
        D:4 |     136 |      35 |  20.5 |      20 |       1 |   4.8
        D:5 |     903 |       0 |   0.0 |      18 |       0 |   0.0
        D:6 |     412 |       0 |   0.0 |      12 |       0 |   0.0
        D:7 |    1680 |     519 |  23.6 |      21 |       2 |   8.7
        D:8 |    1546 |     406 |  20.8 |      39 |       6 |  13.3
        D:9 |    2645 |       0 |   0.0 |      17 |       0 |   0.0
       D:10 |    2570 |    2107 |  45.1 |      27 |       9 |  25.0
       D:11 |    4458 |     857 |  16.1 |      13 |       1 |   7.1
       D:12 |    3779 |     773 |  17.0 |      10 |       9 |  47.4
       D:13 |    4518 |       0 |   0.0 |      13 |       0 |   0.0
       D:14 |    3894 |    1347 |  25.7 |      12 |       2 |  14.3
     Lair:1 |    3255 |       0 |   0.0 |      18 |       0 |   0.0
     Lair:2 |    3731 |       0 |   0.0 |      12 |       0 |   0.0
            +---------+---------+-------+---------+---------+-------

Illustrated notes

Table legend:
 A = Kills in this place as a percentage of kills in entire the game.
 B = Kills by you in this place as a percentage of kills by you in the entire game.
 C = Kills by friends in this place as a percentage of kills by friends in the entire game.
 D = Other kills in this place as a percentage of other kills in the entire game.
 E = Experience gained in this place as a percentage of experience gained in the entire game.
 F = Experience gained in this place divided by the number of levels of this place that you have seen.
                   A       B       C       D       E      F
               +-------+-------+-------+-------+-------+----------------------
         Total | 100.0 | 100.0 | 100.0 | 100.0 | 100.0 | 2496.2
       Dungeon |  90.4 |  90.1 | 100.0 | 100.0 |  82.5 | 2353.9
          Lair |   9.6 |   9.9 |   0.0 |   0.0 |  17.5 | 3493.0
               +-------+-------+-------+-------+-------+----------------------

Table legend: (Time is in decaauts)
 A = Elapsed time spent in this place.
 B = Non-inter-level travel time spent in this place.
 C = Inter-level travel time spent in this place.
 D = Time resting spent in this place.
 E = Time spent auto-exploring this place.
 F = Levels seen in this place.
 G = Mean time per level.
                   A        B        C        D        E       F      G
               +--------+--------+--------+--------+--------+-----+--------+
         Total |  24539 |  23994 |    545 |   9552 |  11218 |  16 | 1533.7 |
       Dungeon |  22745 |  22203 |    542 |   8914 |  10305 |  14 | 1624.6 |
          Lair |   1794 |   1791 |      3 |    637 |    913 |   2 |  897.0 |
               +--------+--------+--------+--------+--------+-----+--------+

Top non-repeatable levels by time:
     D:7: 2878 daAuts
    D:10: 2540 daAuts
    D:12: 2290 daAuts
     D:8: 2026 daAuts
    D:13: 1864 daAuts
    D:11: 1803 daAuts
     D:9: 1582 daAuts
     D:5: 1401 daAuts
    D:14: 1243 daAuts
     D:4: 1221 daAuts
     D:2: 1045 daAuts
     D:3: 1033 daAuts
  Lair:1: 1020 daAuts
     D:6: 932 daAuts
     D:1: 883 daAuts
